 Dungeon Crawl Stone Soup version 0.18-b1-10-g3f7de93 (webtiles) character file.

349 warlockg3 the Ruffian (level 6, 61/61 HPs)
             Began as a Troll Monk on Apr 29, 2016.
             Was a Believer of Cheibriados.
             Drowned
             ... in a sewer.
             The game lasted 00:40:17 (2703 turns).

warlockg3 the Ruffian (Troll Monk)                  Turns: 2703, Time: 00:40:18

Health: 61/61      AC: 11    Str: 28    XL:     6   Next: 33%
Magic:  5/5        EV: 12    Int: 12    God:    Cheibriados [**....]
Gold:   162        SH:  0    Dex: 18    Spells: 0 memorised, 5 levels left

rFire  . . .     SeeInvis .       - Unarmed
rCold  . . .     Gourm    +     a - +0 robe
rNeg   . . .     Faith    .     (no shield)
rPois  .         Spirit   .     (helmet restricted)
rElec  .         Dismiss  .     (no cloak)
rCorr  .         Reflect  .     (gloves unavailable)
SustAt .         Harm     .     (boots unavailable)
MR     .....                    (no amulet)
Stlth  +.........               (no ring)
                                e - +6 ring of protection

@: very slow, not resistant to hostile enchantments, very unstealthy
A: unfitting armour, claws 3, fast metabolism 3, gourmand, regeneration 2,
shaggy fur 1, tough skin 2
a: Bend Time, Renounce Religion


You were in a sewer.
You worshipped Cheibriados.
Cheibriados was pleased with you.
You were not hungry.

You visited 1 branch of the dungeon, and saw 3 of its levels.
You also visited: Sewer.

You collected 162 gold pieces.

Inventory:

Armour
 a - a +0 robe (worn)
 i - the +0 Maxwell's etheric cage {RegenMP+ *Contam rElec MP+4}
   (You took it off Robin on level 3 of the Dungeon)

   It insulates you from electricity.
   It affects your magic capacity (+4).
   It causes magical contamination when unequipped.
Jewellery
 e - a +6 ring of protection (left claw)
Scrolls
 f - a scroll of enchant weapon
 g - a scroll of remove curse
 j - a scroll of fear
 k - a scroll of identify
 p - a scroll of teleportation {unknown}
Potions
 c - a potion of curing
 l - a potion of heal wounds
 n - 2 potions of might {unknown}
 o - a potion of magic {unknown}
Comestibles
 b - 2 bread rations
 d - a beef jerky


   Skills:
 + Level 3.3 Fighting
 + Level 4.4 Dodging
 + Level 1.5 Stealth
 + Level 5.2 Unarmed Combat


You had 5 spell levels left.
You didn't know any spells.

Dungeon Overview and Level Annotations

Branches:
Dungeon (3/15)

Altars:
Ashenzari
Cheibriados
Elyvilon
Fedhas
Makhleb
Yredelemnul


Innate Abilities, Weirdness & Mutations

You are too large for most types of armour.
You have claws for hands.
Your metabolism is lightning-fast.
You like to eat raw meat.
You heal very quickly.
You are covered in fur (AC +1).
You have very tough skin (AC +2).


Message History

There are no items here.
Drink which item? (? for menu, Esc to quit)
It was a potion of curing.
You feel better.
Drink which item? (? for menu, Esc to quit)
It was a potion of cure mutation.
It has a very clean taste.
Read which item? (? for menu, Esc to quit)
Okay, then.
Drink which item? (? for menu, Esc to quit)
It was a potion of heal wounds.
You feel much better.
Drink which item? (? for menu, Esc to quit)
It was a potion of flight.
You feel very buoyant.
You fly up into the air.
Drink which item? (? for menu, Esc to quit)
Okay, then.
Careful!
You are starting to lose your buoyancy.
You float gracefully downwards.
You fall into the water!
You sink like a stone!
You drown...
You die...

##≈# #≈#≈####≈# ##
##≈≈≈≈≈≈####≈≈≈#≈#≈≈## ##.
##≈≈≈≈≈≈≈≈≈≈≈≈≈≈≈≈≈≈≈≈## ##≈.
#≈≈≈≈≈≈≈≈≈≈≈≈≈≈≈≈≈≈≈≈≈≈### #..≈
##≈≈≈≈≈≈≈≈≈≈≈≈≈≈≈≈≈≈≈≈≈≈≈≈# #.≈.
#≈≈≈≈≈≈≈≈≈≈≈≈≈≈≈≈≈≈≈≈≈≈≈≈≈#####.
##≈≈≈≈≈≈≈≈≈≈≈≈≈≈≈≈≈≈≈≈≈≈≈≈≈≈# ##
#≈≈≈≈≈≈≈≈≈≈≈≈≈≈≈≈≈≈≈≈≈≈≈≈≈≈≈####
#...≈.≈≈≈≈≈≈≈≈≈≈@≈≈≈≈≈≈≈≈≈≈≈≈≈.##
#≈.P.###########≈P≈≈≈≈≈≈≈≈≈≈≈....
#≈≈P.≈≈≈≈≈≈≈≈≈≈≈.≈≈.≈≈≈≈≈≈≈≈≈..≈.
..≈≈.###########PP.≈≈≈≈≈≈≈≈≈≈≈..≈
.≈..≈.# #≈≈..≈≈≈.≈≈≈≈≈≈≈≈≈≈≈≈..≈
##.≈.## ###≈#....≈≈..≈≈≈≈≈≈≈≈≈≈≈
##### #≈#≈.≈≈.†############. #
#≈#≈..≈PP≈≈≈≈≈†≈≈≈≈≈≈. ####
#P##≈#≈..P.P############.


There were no monsters in sight!

Vanquished Creatures
  Sigmund (D:3)
  Robin (D:3)
  2 river rats (D:3)
  7 adders
  A worm (D:2)
  A dart slug (D:1)
  2 giant geckos
  3 orcs (D:3)
  11 hobgoblins
  6 jackals
  2 quokkas
  7 ball pythons
  6 bats
  4 giant newts
  16 goblins
  9 kobolds
  14 rats
  2 plants (Sewer)
95 creatures vanquished.

Notes
Turn   | Place    | Note
--------------------------------------------------------------
     0 | D:1      | warlockg3 the Troll Monk began the quest for the Orb.
     0 | D:1      | Reached XP level 1. HP: 22/22 MP: 0/0
   209 | D:1      | Reached XP level 2. HP: 28/29 MP: 1/1
  1182 | D:2      | Reached XP level 3. HP: 29/36 MP: 2/2
  1801 | D:3      | Reached XP level 4. HP: 45/45 MP: 3/3
  1823 | D:3      | Noticed Robin
  1840 | D:3      | Killed Robin
  1929 | D:3      | Noticed Sigmund
  1944 | D:3      | Killed Sigmund
  1944 | D:3      | Reached skill level 5 in Unarmed Combat
  1944 | D:3      | Reached XP level 5. HP: 53/53 MP: 4/4
  1944 | D:3      | Reached XP level 6. HP: 61/61 MP: 5/5
  2035 | D:3      | Found a shattered altar of Ashenzari.
  2039 | D:3      | Found a basalt altar of Yredelemnul.
  2047 | D:3      | Found a burning altar of Makhleb.
  2047 | D:3      | Found a snail-covered altar of Cheibriados.
  2048 | D:3      | Found a blossoming altar of Fedhas.
  2055 | D:3      | Became a worshipper of Cheibriados the Contemplative
  2055 | D:3      | Reached * piety under Cheibriados
  2055 | D:3      | Reached ** piety under Cheibriados
  2059 | D:3      | Found a white marble altar of Elyvilon.
  2230 | D:3      | Found a glowing drain.
  2234 | Sewer    | Entered a sewer
  2703 | Sewer    | Drowned

Skill      XL: |  1  2  3  4 |
---------------+-------------+-----
Fighting       | 3 |  3.3
Dodging        | 4 |  4.4
Unarmed Combat | 5 |  5.2
Stealth        | |  1.5

Action                   |  1- 3 |  4- 6 || total
-------------------------+-------+-------++-------
Melee: Unarmed           |   109 |   154 ||   263
       Punch             |     1 |     2 ||     3
  Use: Scroll            |       |     4 ||     4
       Potion            |       |     4 ||     4
 Stab: Sleeping          |     4 |     3 ||     7
  Eat: Bread ration      |     2 |     1 ||     3
       Chunk             |     8 |       ||     8
Armor: Robe              |    39 |    90 ||   129
Dodge: Dodged            |    65 |   105 ||   170
